[Event "Early-Titled-Tuesday-Blitz-March-26-2024"]
[Site "Chess.com"]
[Date "2024.03.26"]
[Round "3"]
[White "wqws"]
[Black "Irina_Mikhaylova"]
[Result "0-1"]
[WhiteElo "2720"]
[BlackElo "2332"]
[TimeControl "180+1"]
[EndTime "8:28:31 PDT"]
[Termination "Irina_Mikhaylova won by resignation"]

1. e4 c5 2. Nf3 Nc6 3. d3 Nf6 4. g3 d5 5. Nbd2 e5 6. Bg2 Be7 7. O-O O-O 8. Re1 d4 9. Nc4 Qc7 10. a4 Bg4 11. h3 Be6 12. Ncd2 Nd7 13. h4 f6 14. Nh2 a6 15. Ndf1 b5 16. f4 c4 17. f5 Bf7 18. h5 cxd3 19. h6 dxc2 20. Qg4 g6 21. Nf3 Rfc8 22. fxg6 hxg6 23. h7+ Kxh7 24.
Qh4+ Kg8 25. Bh3 Nf8 26. Bxc8 Rxc8 27. Re2 d3 28. Rh2 Be6 29. Ne3 Kf7 30. Nd5 Bxd5 31. exd5 Nb4 32. axb5 axb5 33. Qe4 Qc5+ 34. Be3 Qxd5 35.
Ng5+ Ke8 36. Qg4 Qd7 37. Qxd7+ Kxd7 38. Ne4 Ke6 39. Nc3 Nd5 40. Nxd5 Kxd5 41. Rd2 e4 42.
Rc1 Bc5 43. Kf2 Bxe3+ 44. Kxe3 Nd7 45. g4 Ne5 46. Rg2 Nc4+ 47. Kf4 d2 0-1

[Event "Early-Titled-Tuesday-Blitz-March-26-2024"]
[Site "Chess.com"]
[Date "2024.03.26"]
[Round "3"]
[White "ckgchess"]
[Black "theoneandonlydaaevik"]
[Result "0-1"]
[WhiteElo "2918"]
[BlackElo "2545"]
[TimeControl "180+1"]
[EndTime "8:28:31 PDT"]
[Termination "theoneandonlydaaevik won by resignation"]

1. e4 c6 2. d4 d5 3. e5 Bf5 4. h4 h5 5. c4 e6 6. Nc3 dxc4 7. Bxc4 Nd7 8. Nge2 Be7 9. g3 b5 10. Bd3 Bxd3 11. Qxd3 b4 12. Ne4 Nxe5 13. Qc2 Nf3+ 14.
Kf1 Qd5 15. Nf4 Qb5+ 16. Kg2 Nxd4 17. Qd1 c5 18. Nxh5 Qc6 19. Re1 O-O-O 20. Kh3 Rxh5 21. Qxh5 Nc2 22. Bf4 Nxa1 23. Nxc5 Bxc5 24. Rxa1 Nf6 25. Qxf7 e5 26. Bxe5 Qd7+ 27. Qxd7+ Kxd7 28. Rd1+ Ke7 29. Re1 Kf7 30. f4 Rd2 31. Rc1 Bd4 32. Rc7+ Kg6 33. Bxd4 Rxd4 34. Rxa7 Rd2 35. b3 Ne4 36. Ra6+ Kf5 37.
Ra5+ Kg6 38. Ra6+ Kf5 39. Ra5+ Kg6 40. Re5 Nf2+ 41. Kg2 Nd3+ 42. Re2 Rxe2+ 0-1

[Event "Early-Titled-Tuesday-Blitz-March-26-2024"]
[Site "Chess.com"]
[Date "2024.03.26"]
[Round "3"]
[White "PierrotFace"]
[Black "Gabrielian_Artur"]
[Result "0-1"]
[WhiteElo "2508"]
[BlackElo "2790"]
[TimeControl "180+1"]
[EndTime "8:28:31 PDT"]
[Termination "Gabrielian_Artur won by checkmate"]

1. e4 e5 2. Nf3 Nc6 3. c3 Nf6 4. d4 d6 5. dxe5 Nxe5 6. Nxe5 dxe5 7. Qxd8+ Kxd8 8. Bg5 Be7 9. Nd2 Nd7 10. Bxe7+ Kxe7 11. O-O-O f6 12. g3 a5 13. f4 Nc5 14. h3 Rd8 15.
Kc2 Be6 16. b3 a4 17. b4 Bxa2 18. Bc4 Bxc4 19. Nxc4 Rxd1 20. Rxd1 Nxe4 21. fxe5 Nxg3 22. exf6+ Kxf6 23. Rd7 Rc8 24. Ne3 Kg6 25. Nd5 Nf5 26. Nxc7 Kh5 27. Nd5 b5 28. Rf7 Nd4+ 29. Kb2 Ne6 30. Re7 Ng5 31. Rxg7 h6 32. Nf6+ Kh4 33.
Rg6 Rh8 34. Ng4 h5 35. Rh6 Rxh6 36. Nxh6 Kxh3 37. Nf5 Kg4 38. c4 Kxf5 39. cxb5 Ne4 40. Ka3 Nd6 41. Kxa4 h4 42. b6 h3 43. b7 Nxb7 44. Kb5 h2 45. Kb6 h1=Q 46. b5 Qd5 47. Ka7 Qxb5 48. Ka8 Nc5 49. Ka7 Qb7# 0-1

[Event "Early-Titled-Tuesday-Blitz-March-26-2024"]
[Site "Chess.com"]
[Date "2024.03.26"]
[Round "3"]
[White "yuriydovzik"]
[Black "iAspet"]
[Result "0-1"]
[WhiteElo "2121"]
[BlackElo "2467"]
[TimeControl "180+1"]
[EndTime "8:28:33 PDT"]
[Termination "iAspet won on time"]

1. e4 c5 2. Nc3 d6 3. f4 g6 4.
Nf3 Bg7 5. Bb5+ Bd7 6. a4 Nc6 7. O-O e6 8. Re1 Nge7 9. h3 Nd4 10. Bf1 O-O 11. d3 Nec6 12. Be3 Nxf3+ 13. Qxf3 Nd4 14.
Qf2 a6 15. Nd1 b5 16. axb5 axb5 17. Rxa8 Qxa8 18. c3 Nc6 19. g4 f5 20. gxf5 exf5 21. e5 dxe5 22. Bxc5 Re8 23. Bg2 Qb8 24. Ne3 exf4 25.
Nd5 Rxe1+ 26. Qxe1 Ne5 27. Nxf4 Nf3+ 28. Bxf3 Qxf4 29.
Bd5+ Kh8 30. Bg2 Be5 31. Bf2 Kg7 32. d4 Bd6 33. Qe3 g5 34. Qxf4 Bxf4 35. d5 Be5 36. Kf1 Kf6 37. Ke2 f4 38. Kd3 h5 39. Bd4 g4 40.
hxg4 hxg4 41. Be4 Bf5 42. d6 Bxe4+ 43. Kxe4 Bxd4 0-1

[Event "Early-Titled-Tuesday-Blitz-March-26-2024"]
[Site "Chess.com"]
[Date "2024.03.26"]
[Round "3"]
[White "joksijoksi"]
[Black "sergoy"]
[Result "0-1"]
[WhiteElo "2527"]
[BlackElo "2919"]
[TimeControl "180+1"]
[EndTime "8:28:34 PDT"]
[Termination "sergoy won by resignation"]

1. d4 Nf6 2. c4 e6 3. Nf3 d5 4.
Nc3 c6 5. Bg5 h6 6. Bxf6 Qxf6 7.
e3 Nd7 8. Rc1 g6 9. Qc2 Bg7 10.
Bd3 O-O 11. O-O Qe7 12. cxd5 exd5 13. a3 a5 14. Na4 h5 15. h3 Bf6 16. Nc5 Nxc5 17.
Qxc5 Qd8 18. b4 axb4 19. axb4 Re8 20. b5 Bd7 21. bxc6 bxc6 22. Qc2 Kg7 23. Ra1 Qc8 24. Rxa8 Qxa8 25. Rb1 Qc8 26. Rb6 Bd8 27. Ra6 Bc7 28.
Ra7 Bb8 29. Ra8 Bh2+ 30. Kxh2 Qxa8 31. Ne5 Qb8 32. f4 Qd6 33. Kh1 Ra8 34. Qb1 Be8 35. Qb7 Rb8 36. Qa7 Rc8 37. Qb7 Rc7 38. Qb8 Qe7 39.
Kh2 f6 40. Nf3 Bf7 41. Ba6 Rd7 42. Qc8 Qd6 43. Bb7 Qc7 44. Qxc7 Rxc7 45. Ba6 Ra7 46. Bc8 Ra3 47. Bd7 Rc3 48. Kg3 Kf8 49. Kf2 Ke7 50. Bc8 Ra3 51. Bb7 Kd7 52. f5 g5 53. h4 g4 54.
Ne5+ fxe5 55. dxe5 Kc7 56. e6 Bxe6 0-1

[Event "Early-Titled-Tuesday-Blitz-March-26-2024"]
[Site "Chess.com"]
[Date "2024.03.26"]
[Round "3"]
[White "ZenBull"]
[Black "imdvb6307"]
[Result "0-1"]
[WhiteElo "2275"]
[BlackElo "2516"]
[TimeControl "180+1"]
[EndTime "8:28:35 PDT"]
[Termination "imdvb6307 won by resignation"]

1. c4 Nf6 2. Nc3 c6 3. e3 d5 4. b3 Bf5 5. Bb2 e6 6. Nf3 h6 7. Be2 Nbd7 8. d3 Bh7 9. Qd2 Bb4 10. a3 Bd6 11. h3 O-O 12. g4 Nc5 13. Qc2 dxc4 14.
bxc4 e5 15. e4 Ne6 16. Nd1 Nd7 17. Ne3 Re8 18. Nf5 Bf8 19. Nxe5 Nxe5 20. Bxe5 Bc5 21. Bc3 Bxf5 22. gxf5 Nd4 23. Qb2 Qb6 24. Qxb6 axb6 25. Bxd4 Bxd4 26. Ra2 Bc3+ 27. Kd1 Re5 28. Kc2 Bd4 29.
f3 Rea5 30. Rb1 Rxa3 31. Rxa3 Rxa3 32. Kd1 Ra2 33. Rc1 Be3 34. Rb1 Bd4 35. Rc1 Kf8 36.
Rc2 Ra1+ 37. Rc1 Ra3 38. Rb1 Ke7 39. Kd2 Ra2+ 40. Ke1 Kf6 41. Kf1 Kg5 42. Re1 Kf4 43. Bd1 Bc3 44. Re2 Ra1 45. Re1 Bxe1 46. Kxe1 Ke3 47. h4 h5 48. f6 gxf6 0-1

[Event "Early-Titled-Tuesday-Blitz-March-26-2024"]
[Site "Chess.com"]
[Date "2024.03.26"]
[Round "3"]
[White "Zhani-Z"]
[Black "Russian_berezka"]
[Result "0-1"]
[WhiteElo "2205"]
[BlackElo "2559"]
[TimeControl "180+1"]
[EndTime "8:28:36 PDT"]
[Termination "Russian_berezka won on time"]

1. e4 g6 2. d4 Bg7 3. Nf3 d5 4. exd5 Qxd5 5. Nc3 Qd8 6. Bc4 Nf6 7. h3 O-O 8. O-O Nbd7 9. Re1 Nb6 10. Bb3 c6 11. Bg5 Nbd5 12. Qd2 Bf5 13. Nxd5 cxd5 14. Bh6 Rc8 15. Bxg7 Kxg7 16. c3 Ne4 17. Qe3 Qd6 18. Ne5 f6 19. Nd3 Rce8 20. f3 Ng5 21. Nf4 e5 22. dxe5 Rxe5 23. Qd4 Rfe8 24. Red1 Re2 25. Rd2 Rxd2 26. Qxd2 Re7 27. Rd1 Qe5 28. Qd4 Qb8 29. h4 Ne6 30. Nxe6+ Bxe6 31. Kf2 b6 32. Re1 Qd6 33.
Bxd5 Bf5 34. Rxe7+ Qxe7 35. c4 Qd6 36. a3 Qh2 37. b4 Bh3 38. f4 Bg4 39. Qe3 Qxh4+ 40.
Qg3 Qh5 41. Ke3 Bd1 42. Bf3 Qh1 43. Bxd1 Qxd1 44. Qf2 Qb3+ 45. Kd4 h5 46. c5 bxc5+ 47. bxc5 Qxa3 48. c6 Qd6+ 0-1

[Event "Early-Titled-Tuesday-Blitz-March-26-2024"]
[Site "Chess.com"]
[Date "2024.03.26"]
[Round "3"]
[White "Zampronha1971"]
[Black "stratacticos"]
[Result "1/2-1/2"]
[WhiteElo "2342"]
[BlackElo "1865"]
[TimeControl "180+1"]
[EndTime "8:28:36 PDT"]
[Termination "Game drawn by repetition"]

1. e4 c5 2. Nf3 Nc6 3. d4 cxd4 4. Nxd4 e5 5. Nb5 d6 6. N1c3 a6 7. Na3 b5 8. Nd5 Nce7 9. c4 Nxd5 10. cxd5 Be7 11.
Bd3 Bg5 12. O-O Bxc1 13. Rxc1 Qg5 14. Rc6 Nf6 15. Rxd6 Bh3 16. Qf3 Bg4 17. Qe3 Qg6 18.
Qg3 O-O 19. f3 Bh5 20. Qxg6 Bxg6 21. Rc1 b4 22. Nc4 Rac8 23. Rxa6 Nxd5 24. Rxg6 hxg6 25. exd5 Rfd8 26. Re1 Rxd5 27. Nb6 Rxd3 28. Nxc8 Rd2 29. Rxe5 Rxb2 30. Ra5 b3 31. axb3 Rxb3 32. Na7 Rb2 33. h3 f6 34. Kh2 g5 35. Nc6 Kh7 36. Nd4 Kg6 37. Nf5 Re2 38. Kg3 Re5 39. Nd4 Rxa5 40.
Ne2 Ra4 41. Kf2 f5 42. Ke3 Ra3+ 43. Kf2 Ra2 44. Ke3 Ra3+ 45. Kf2 Ra2 46. Ke3 Ra3+ 1/2-1/2

[Event "Early-Titled-Tuesday-Blitz-March-26-2024"]
[Site "Chess.com"]
[Date "2024.03.26"]
[Round "3"]
[White "eljanov"]
[Black "SashaKuzhilniy"]
[Result "1-0"]
[WhiteElo "2912"]
[BlackElo "2599"]
[TimeControl "180+1"]
[EndTime "8:28:37 PDT"]
[Termination "eljanov won by resignation"]

1. e4 e5 2. Nf3 Nc6 3. Bc4 Nf6 4.
d3 h6 5. O-O d6 6. a4 g6 7. a5 a6 8. c3 Bg7 9. Re1 O-O 10.
Nbd2 Re8 11. Qb3 Qe7 12. h3 Rb8 13. Nf1 Be6 14. Ne3 Qd7 15. Bxe6 Qxe6 16. Nd5 Ne7 17.
c4 Qd7 18. Nxf6+ Bxf6 19. Bxh6 c6 20. Rad1 Qc7 21. Bd2 Rbd8 22. Bb4 Kg7 23. Qa3 d5 24. Bc5 Rd7 25. b4 dxc4 26. dxc4 Nc8 27. Qb3 Red8 28. g3 Be7 29. Bxe7 Nxe7 30. c5 Ng8 31. Rxd7 Rxd7 32. Rd1 Nf6 33. Rxd7 Nxd7 34. Qc3 f6 35. Qd3 Nf8 36.
Nd2 Ne6 37. Qd6 Qxd6 38. cxd6 Kf7 39. h4 Ke8 40. Nc4 Kd7 41. Kg2 Nd4 42. g4 Ne6 43.
Kg3 c5 44. bxc5 Nxc5 45. f3 Ke6 46. h5 gxh5 47. gxh5 Kf7 48. Nb6 Kg7 49. d7 Ne6 50. Nd5 Nd8 51. Kg4 Nf7 52. Kf5 1-0

[Event "Early-Titled-Tuesday-Blitz-March-26-2024"]
[Site "Chess.com"]
[Date "2024.03.26"]
[Round "3"]
[White "MaiqMaster"]
[Black "shirovin"]
[Result "1-0"]
[WhiteElo "2383"]
[BlackElo "2054"]
[TimeControl "180+1"]
[EndTime "8:28:37 PDT"]
[Termination "MaiqMaster won on time"]

1. e4 d6 2. d4 Nf6 3. Nc3 e5 4. Nf3 Nbd7 5. Bc4 Be7 6. O-O O-O 7. Re1 h6 8. h3 c6 9. a4 a5 10. Be3 Re8 11. Qb1 Bf8 12. Qa2 Qe7 13. Qb3 Rb8 14.
Rad1 c5 15. dxc5 Nxc5 16. Bxc5 dxc5 17. Nd5 Nxd5 18. Bxd5 Be6 19. Nxe5 Bxd5 20. exd5 Qd6 21. Nf3 Be7 22. Qb5 Red8 23. Ne5 Bf6 24. Nc4 Qd7 25. Qxd7 Rxd7 26. d6 b5 27. axb5 Rxb5 28. Re8+ Kh7 29. b3 a4 30. bxa4 Rb4 31. Ne3 Rxa4 32. Rc8 Rd4 33. Rxd4 cxd4 34. Nc4 Kg6 35. Rc7 Rd8 36. d7 Kf5 37. Nb6 Ke6 38. Rc6+ Ke5 39. g3 g5 40.
Kf1 h5 41. Ke2 h4 42. gxh4 gxh4 43. Kd3 Bg5 44. Rc5+ Kd6 45. Rxg5 Kc7 46. Nd5+ Kxd7 47.
Nf6+ Ke7 48. Ne4 f6 49. Rg7+ Ke6 50. Rg6 1-0

[Event "Early-Titled-Tuesday-Blitz-March-26-2024"]
[Site "Chess.com"]
[Date "2024.03.26"]
[Round "3"]
[White "Onischuk_V"]
[Black "DenLaz"]
[Result "0-1"]
[WhiteElo "2807"]
[BlackElo "3089"]
[TimeControl "180+1"]
[EndTime "8:28:38 PDT"]
[Termination "DenLaz won by resignation"]

1. e4 c5 2. Nf3 e6 3. b3 a6 4. Bb2 Nc6 5. c4 Nf6 6. e5 Ng4 7. h3 Nh6 8. g4 d6 9. exd6 Qxd6 10. Bg2 e5 11. O-O Be7 12. Re1 f6 13. Nc3 O-O 14. d3 Nf7 15. Nd5 Be6 16. Nd2 Rad8 17. Ne4 Qd7 18.
Ba3 Nb4 19. Bxb4 cxb4 20. d4 Bxd5 21. cxd5 f5 22. Nc5 Bxc5 23. dxc5 e4 24. d6 Ng5 25. Qd5+ Kh8 26. Rad1 Rc8 27. Rc1 g6 28. h4 Ne6 29. gxf5 gxf5 30. Qe5+ Ng7 31. Bh3 Rce8 32. Qd4 Qd8 33. Re3 Qxh4 34. Rg3 Qh6 35. Re1 f4 36. Rxg7 Qxg7+ 37. Qxg7+ Kxg7 38. Rd1 Re5 39. Rc1 e3 40. Kf1 e2+ 41. Ke1 f3 42. d7 Rg5 43. Kd2 Rd5+ 44.
Ke1 Rd8 45. Be6 R5xd7 46. Bxd7 Rxd7 47. Rb1 h5 0-1

[Event "Early-Titled-Tuesday-Blitz-March-26-2024"]
[Site "Chess.com"]
[Date "2024.03.26"]
[Round "3"]
[White "vlad10898"]
[Black "Let_it_be_1"]
[Result "1-0"]
[WhiteElo "2888"]
[BlackElo "2668"]
[TimeControl "180+1"]
[EndTime "8:28:38 PDT"]
[Termination "vlad10898 won by resignation"]

1. Nf3 d5 2. e3 e6 3. c4 Nf6 4.
Nc3 Be7 5. b3 O-O 6. Bb2 c5 7.
cxd5 exd5 8. d4 Nc6 9. Be2 cxd4 10. Nxd4 Bc5 11. Nxc6 bxc6 12. O-O Bd6 13. Rc1 Bd7 14.
Na4 Ne4 15. Bf3 Re8 16. g3 Bh3 17. Re1 Rc8 18. Bg4 Bxg4 19. Qxg4 Be5 20. Bxe5 Rxe5 21. Nc5 h5 22. Qe2 h4 23. Nxe4 Rxe4 24. Qa6 Qd7 25.
Red1 Rc7 26. Qa5 h3 27. Rxd5 cxd5 28. Qxc7 Re7 29. Qxd7 Rxd7 30. Kf1 f6 31. Ke2 Kf7 32. Kd3 Ke6 33. Rc8 g5 34. g4 f5 35. Re8+ Kf7 36.
Re5 fxg4 37. Rxg5 Ke6 38. Rxg4 Rf7 39. f4 Rc7 40. Rg3 Rc1 41. Rxh3 Rd1+ 42. Kc3 Ra1 43. a4 Re1 44. Kb4 Kf5 45. Kc5 Ke4 46. b4 Rc1+ 47. Kb5 1-0

[Event "Early-Titled-Tuesday-Blitz-March-26-2024"]
[Site "Chess.com"]
[Date "2024.03.26"]
[Round "3"]
[White "Gurvich_Vitaly"]
[Black "Tugrik1969"]
[Result "1-0"]
[WhiteElo "2705"]
[BlackElo "2488"]
[TimeControl "180+1"]
[EndTime "8:28:38 PDT"]
[Termination "Gurvich_Vitaly won on time"]

1. d4 d5 2. Bf4 c5 3. e3 Nc6 4. c3 Nf6 5. Nd2 Bf5 6. Ngf3 e6 7. Bb5 Qb6 8. Qa4 Rc8 9. Ne5 Be7 10. O-O O-O 11.
h3 Rfd8 12. Rfc1 a6 13. Bxc6 bxc6 14. dxc5 Bxc5 15. b4 Be7 16. Nb3 c5 17. bxc5 Bxc5 18. Nxc5 Rxc5 19. Qb4 Rb5 20. Qd4 h6 21. a4 Rb2 22. a5 Qb7 23. f3 Rc8 24. Kh2 Qb5 25. c4 dxc4 26. Rxc4 Rxc4 27. Qxc4 Qb7 28. Rd1 Kh7 29.
Rd8 Nd5 30. Qc5 Nxf4 31. exf4 f6 32. Rd7 Qb4 33. Qxb4 Rxb4 34. Nc6 Rc4 35. Nb8 Rc5 36. Nxa6 Rxa5 37. Nc7 Ra2 38. Ne8 1-0

[Event "Early-Titled-Tuesday-Blitz-March-26-2024"]
[Site "Chess.com"]
[Date "2024.03.26"]
[Round "3"]
[White "Dr_Thomas_Quilter"]
[Black "yonaltimur"]
[Result "0-1"]
[WhiteElo "2107"]
[BlackElo "2405"]
[TimeControl "180+1"]
[EndTime "8:28:38 PDT"]
[Termination "yonaltimur won by checkmate"]

1. e4 c5 2. Nf3 d6 3. d4 cxd4 4.
Nxd4 Nf6 5. Nc3 a6 6. Be3 e5 7. Nb3 Be6 8. f3 Be7 9. Qd2 Nbd7 10. O-O-O b5 11. Nd5 Nxd5 12. exd5 Bf5 13. Na5 Nb8 14. g4 Bg6 15. h4 h5 16. g5 Qc7 17. Bh3 O-O 18.
Rhg1 Re8 19. Kb1 Nd7 20. Nc6 Nb8 21. Na5 Nd7 22. Nc6 Nb8 23. Nxe7+ Rxe7 24. Rc1 Nd7 25. Ka1 a5 26. c3 a4 27. f4 exf4 28. Bxf4 Ne5 29. Bxe5 Rxe5 30. Rce1 Rae8 31. Rxe5 Rxe5 32.
Re1 Qe7 33. Rd1 Re2 34. Qd4 a3 35. bxa3 Rh2 36. Bf1 Qe8 37. Qf4 Rc2 38. Qxd6 Rxc3 39. Qf4 Rxa3 40. d6 Qa8 41. Qd2 Bf5 42. d7 Bxd7 43.
Qxd7 Rxa2+ 44. Kb1 Ra1+ 45. Kc2 Qa2+ 46. Kc3 Qa3+ 47.
Kd2 Ra2+ 48. Ke1 Qe3+ 49. Be2 Qxe2# 0-1

[Event "Early-Titled-Tuesday-Blitz-March-26-2024"]
[Site "Chess.com"]
[Date "2024.03.26"]
[Round "3"]
[White "twitchTriniCupid"]
[Black "ChessSwole"]
[Result "1-0"]
[WhiteElo "2345"]
[BlackElo "2688"]
[TimeControl "180+1"]
[EndTime "8:28:39 PDT"]
[Termination "twitchTriniCupid won by resignation"]

1. d4 e6 2. Nf3 f5 3. Nc3 Nf6 4. Bg5 Be7 5. Bxf6 Bxf6 6. e4 fxe4 7. Nxe4 O-O 8. Bd3 Nc6 9. c3 d5 10. Nxf6+ Qxf6 11. O-O e5 12. Nxe5 Nxe5 13. dxe5 Qxe5 14.
Qb3 c6 15. Rae1 Qf6 16. Re3 Bg4 17. h3 Bh5 18. f4 Kh8 19. Rf2 Rab8 20. Qc2 d4 21. Re5 Qh6 22. cxd4 Bf7 23. Bc4 Rbd8 24. Bxf7 Rxf7 25. Qe4 Qd6 26. Rd2 h6 27. f5 Qb4 28.
Qe3 Qc4 29. b3 Qb4 30. Kh2 Rdf8 31. g4 Rd7 32. Kg3 Qd6 33. Kg2 a6 34. Kf2 b6 35.
Kg2 c5 36. d5 b5 37. Re6 Qc7 38. d6 Qc6+ 39. Qe4 Qb6 40. Kg3 Rdd8 41. Qe5 c4 42. Rxh6+ Kg8 43. Rg6 Qg1+ 44. Rg2 Qxg2+ 45. Kxg2 Rf7 46.
bxc4 bxc4 47. Re6 Kf8 48. Qc5 Rfd7 49. Qxc4 Rxd6 50. Qc5 1-0

[Event "Early-Titled-Tuesday-Blitz-March-26-2024"]
[Site "Chess.com"]
[Date "2024.03.26"]
[Round "3"]
[White "Eagle_2019"]
[Black "Bykov_Egor"]
[Result "0-1"]
[WhiteElo "2854"]
[BlackElo "2655"]
[TimeControl "180+1"]
[EndTime "8:28:40 PDT"]
[Termination "Bykov_Egor won on time"]

1. d4 Nf6 2. Bg5 d5 3. Nd2 e6 4. e3 c5 5. c3 Nc6 6. Bd3 Be7 7.
f4 Qb6 8. Rb1 Bd7 9. Ngf3 h6 10.
Bh4 g5 11. fxg5 Ng4 12. g6 Bxh4+ 13. Nxh4 f5 14. h3 Nxe3 15. g7 Rg8 16. Qh5+ Kd8 17. dxc5 Qxc5 18. Qxh6 d4 19. Nhf3 dxc3 20. bxc3 Nxg2+ 21. Ke2 f4 22. Nf1 Kc7 23. Rg1 Qxc3 24. Rxg2 Nd4+ 25.
Nxd4 Qxd4 26. Rc1+ Bc6 27. Rf2 e5 28. Qf6 Rae8 29.
Qf7+ Kb8 30. Rc4 Qb2+ 31. Rc2 Qd4 32. h4 Bd5 33. Qc7+ Ka8 34. Bh7 f3+ 35. Rxf3 Bxf3+ 36. Kxf3 e4+ 37. Kg2 Rxg7+ 38. Kh3 Rxc7 39. Rxc7 Qd3+ 40. Ng3 Qd6 41. Rc2 e3 42. Bf5 Qf4 0-1

[Event "Early-Titled-Tuesday-Blitz-March-26-2024"]
[Site "Chess.com"]
[Date "2024.03.26"]
[Round "3"]
[White "KorolDimitriy75"]
[Black "1mbl4"]
[Result "1-0"]
[WhiteElo "2384"]
[BlackElo "2567"]
[TimeControl "180+1"]
[EndTime "8:28:41 PDT"]
[Termination "KorolDimitriy75 won by resignation"]

1. d4 Nf6 2. c4 g6 3. Nc3 Bg7 4. e4 d6 5. Nf3 O-O 6. Be2 e5 7.
dxe5 dxe5 8. Qxd8 Rxd8 9. Bg5 Re8 10. O-O-O c6 11. Nxe5 Na6 12. Rd6 Nxe4 13. Nxe4 Bxe5 14.
Nf6+ Bxf6 15. Bxf6 Bf5 16. Kd2 Nc5 17. f3 Re6 18. Rxe6 Bxe6 19. Rd1 Nd7 20. Bh4 f6 21. Kc3 Kf7 22. Bf2 Nb6 23. b3 Re8 24. Rd2 h5 25. a4 Nc8 26. a5 a6 27. Kb4 g5 28. f4 Kg6 29. fxg5 fxg5 30. Bd3+ Bf5 31. Bxf5+ Kxf5 32. Rd7 Re2 33. Bc5 Rxg2 34. Rc7 Rxh2 35. Rxc8 g4 36. Rc7 h4 37. Rxb7 g3 38. Rb6 Rd2 39. Rxc6 h3 40. Rxa6 h2 41. Rh6 Ra2 42. Kb5 Kg5 43. Rh8 Ra1 44.
a6 h1=Q 45. Rxh1 Rxh1 46. a7 Ra1 47. Kb6 Kg4 48. Kb7 g2 49. a8=Q Rxa8 50. Kxa8 Kf3 51. b4 g1=Q 52. Bxg1 1-0

[Event "Early-Titled-Tuesday-Blitz-March-26-2024"]
[Site "Chess.com"]
[Date "2024.03.26"]
[Round "3"]
[White "TigrVShlyape"]
[Black "Josetricks"]
[Result "1/2-1/2"]
[WhiteElo "2900"]
[BlackElo "2703"]
[TimeControl "180+1"]
[EndTime "8:28:43 PDT"]
[Termination "Game drawn by repetition"]

1. e4 g6 2. d4 Bg7 3. Nf3 c6 4. c3 d5 5. Nbd2 dxe4 6. Nxe4 Nf6 7. Bd3 Nxe4 8. Bxe4 O-O 9. O-O Nd7 10. Bg5 Qb6 11.
Qb3 e5 12. dxe5 Nxe5 13. Nxe5 Bxe5 14. Rfe1 Bg7 15. Rad1 Be6 16. Qa3 Rfe8 17. h3 a5 18. Be3 Qc7 19. Bc5 Be5 20. Bf3 Rad8 21. Be3 Rxd1 22.
Rxd1 Rd8 23. Rxd8+ Qxd8 24. Qc5 Bf6 25. Qb6 Qxb6 26. Bxb6 Bxa2 27. Bxa5 Bg5 28. Bb6 Bc1 29. b4 Bd2 30. Bd4 Kf8 31. b5 cxb5 32. Bxb7 Bc4 33. g4 Ke7 34. Bc5+ Ke6 35. Bb4 Bd5 36. Bc8+ Kf6 37.
Kh2 h6 38. Kg3 g5 39. f3 Bf4+ 40. Kf2 Ke5 41. Bc5 Kf6 42. Bd4+ Be5 43. Bxe5+ Kxe5 44. Ke3 Bc4 45. Bd7 f6 46. Be8 Bf1 47. Bd7 Bc4 48. Be8 Bf1 49. Kf2 Bc4 50. Ke3 1/2-1/2

[Event "Early-Titled-Tuesday-Blitz-March-26-2024"]
[Site "Chess.com"]
[Date "2024.03.26"]
[Round "3"]
[White "ajedrezsinlimites"]
[Black "JimDiGrease"]
[Result "1/2-1/2"]
[WhiteElo "2633"]
[BlackElo "2955"]
[TimeControl "180+1"]
[EndTime "8:28:43 PDT"]
[Termination "Game drawn - insufficient material"]

1. e4 c5 2. Nf3 d6 3. d4 cxd4 4. Nxd4 Nf6 5. Nc3 g6 6. h4 Nc6 7. Be2 Bg7 8. Be3 d5 9. exd5 Nxd5 10. Nxc6 bxc6 11. Nxd5 cxd5 12. Bb5+ Kf8 13. Bc6 Rb8 14. Bxd5 Bxb2 15. Bh6+ Kg8 16. O-O e6 17. Bf3 Qxh4 18.
Qd6 Qxh6 19. Qxb8 Bxa1 20. Rxa1 Qf8 21. Rd1 Kg7 22. Qxa7 Qb4 23. Qd4+ Qxd4 24. Rxd4 e5 25. Ra4 Be6 26. c4 Rc8 27. Be2 e4 28. Rb4 Kf6 29.
a4 Ke5 30. a5 Ra8 31. Ra4 Bd7 32. Ra3 Bc6 33. a6 Kd4 34. Ra5 f5 35. g3 Rf8 36.
a7 g5 37. Kf1 f4 38. gxf4 gxf4 39. Bg4 e3 40. fxe3+ fxe3+ 41. Ke1 Rg8 42. Be2 Rg1+ 43. Bf1 Bg2 44. Rd5+ Bxd5 45. cxd5 Rg8 46. d6 Kc5 47. Bg2 Kxd6 48. a8=Q Rxa8 49. Bxa8 Ke5 50. Ke2 Kf4 51. Bf3 h6 52. Bh5 Kg5 53. Bf3 Kf4 54. Bh5 Kg5 55.
Be8 Kf4 56. Bf7 Kg5 57. Kxe3 Kf6 58. Bh5 Kg5 59. Bf3 h5 60. Bh1 h4 61. Kf2 h3 62. Kg3 h2 63. Kxh2 1/2-1/2

[Event "Early-Titled-Tuesday-Blitz-March-26-2024"]
[Site "Chess.com"]
[Date "2024.03.26"]
[Round "3"]
[White "ketster"]
[Black "Iball95"]
[Result "0-1"]
[WhiteElo "2571"]
[BlackElo "2872"]
[TimeControl "180+1"]
[EndTime "8:28:44 PDT"]
[Termination "Iball95 won by checkmate"]

1. d4 d5 2. c4 e6 3. Nf3 Nf6 4. g3 c5 5. Bg2 cxd4 6. O-O Bc5 7. Nxd4 O-O 8. Nc3 dxc4 9. Ndb5 Qa5 10. Qa4 Nc6 11. Qxc4 Be7 12. Bd2 a6 13. Nd4 Nxd4 14.
Qxd4 e5 15. Qa4 Qb6 16. Qc2 Be6 17. Be3 Qc7 18. Rac1 Rac8 19. Qb1 Qb8 20. Rfd1 b5 21. Bg5 Rfd8 22. Bxf6 Bxf6 23. Nd5 Bg5 24. Rxc8 Rxc8 25.
e3 h6 26. h4 Bd8 27. Rc1 Rxc1+ 28. Qxc1 Qd6 29. e4 Bb6 30. a3 Bd4 31. Qc2 f5 32. Qc7 Qd7 33. Qxd7 Bxd7 34. b4 Bb2 35. exf5 Bxa3 36. Nc7 Bxb4 37. Nxa6 Bd6 38. Bd5+ Kf8 39.
f4 exf4 40. gxf4 Bc8 41. Bc6 Bxa6 42. Kf2 b4 43. Kf3 b3 44. Bd5 b2 45. Be4 Bb7 46.
Bxb7 b1=Q 47. Be4 Qf1+ 48. Kg4 Qxf4+ 49. Kh5 Qxe4 50. Kg6 Qg4+ 51. Kh7 Qxf5+ 52. Kh8 g5 53. h5 Qe5+ 54. Kh7 Qg7# 0-1

[Event "Early-Titled-Tuesday-Blitz-March-26-2024"]
[Site "Chess.com"]
[Date "2024.03.26"]
[Round "3"]
[White "ContrVersia"]
[Black "Coach_Istvanovszki"]
[Result "1-0"]
[WhiteElo "2915"]
[BlackElo "2525"]
[TimeControl "180+1"]
[EndTime "8:28:44 PDT"]
[Termination "ContrVersia won by checkmate"]

1. Nf3 c5 2. e4 d6 3. d4 cxd4 4. Nxd4 Nf6 5. Nc3 g6 6. Be3 Nc6 7. f3 h5 8. Bc4 Bd7 9. O-O Bg7 10.
Qd2 O-O 11. Rad1 a6 12. Bb3 Rc8 13. Kh1 b5 14. Bh6 Ne5 15. Bxg7 Kxg7 16. f4 Nc4 17.
Bxc4 Rxc4 18. e5 Ng4 19. Rfe1 b4 20. Nd5 e6 21. Ne3 Rxd4 22. Qxd4 d5 23. Nxd5 Qh4 24. h3 Bc6 25. Kg1 Bxd5 26. hxg4 hxg4 27. Qe3 g3 28.
Rxd5 Qh2+ 29. Kf1 exd5 30. Qf3 Rc8 31. Qd3 Qh1+ 32. Ke2 Qxg2+ 33. Kd1 Qf2 34. Qd2 Qf3+ 35. Kc1 b3 36. axb3 Qxb3 37. f5 Qa2 38. Qd4 Qa1+ 39. Kd2 Rxc2+ 40. Kxc2 Qxe1 41. e6+ Kf8 42. Qc5+ Kg7 43.
Qd4+ Kf8 44. Qf6 Qe4+ 45. Kb3 Qxf5 46. Qd8+ Kg7 47. e7 Qd3+ 48. Ka2 Qc4+ 49. Ka3 Qd3+ 50.
Ka2 Qc4+ 51. Ka3 Qd3+ 52. b3 g2 53. e8=Q Kh6 54. Qh8# 1-0

[Event "Early-Titled-Tuesday-Blitz-March-26-2024"]
[Site "Chess.com"]
[Date "2024.03.26"]
[Round "3"]
[White "Taran2004"]
[Black "SlavenPastar"]
[Result "0-1"]
[WhiteElo "2404"]
[BlackElo "2610"]
[TimeControl "180+1"]
[EndTime "8:28:47 PDT"]
[Termination "SlavenPastar won by resignation"]

1. e4 b6 2. d4 Bb7 3. Nc3 e6 4. Nf3 Bb4 5. Bd3 Nf6 6. e5 Ne4 7. Bd2 Nxd2 8. Qxd2 Bxf3 9. gxf3 Qh4 10. Be4 Nc6 11. a3 Bxc3 12. Qxc3 O-O-O 13. O-O-O Kb8 14. Bxc6 dxc6 15. Qxc6 Rxd4 16. c3 Qf4+ 17. Kc2 Rxd1 18. Rxd1 Qxe5 19. Rd7 Qf5+ 20. Kb3 Rc8 21. a4 h5 22. Ka2 a5 23. Qc4 Qxf3 24. Qd4 g5 25.
Qe5 Qc6 26. Rxf7 Qxa4+ 27. Kb1 Qd1+ 28. Ka2 Qd5+ 29. Qxd5 exd5 30. Rf5 Rg8 31. Rxd5 h4 32. Rd7 Rf8 33. Rd2 Rf4 34. Kb3 g4 35. Kc2 h3 36.
Kd3 Kb7 37. Ke3 Rf3+ 38. Ke2 Rf4 39. Ke3 Rc4 40. Rd7 b5 41. Rf7 b4 42. Kd3 Rc6 43.
cxb4 axb4 44. Rf4 b3 45. Rxg4 Rc2 46. Rb4+ Kc8 47. Rxb3 Rxf2 48. Ke4 Rxh2 49. Kd5 Kd7 50. Rg3 Rh1 51. Rg7+ Kc8 52. Kc6 Rc1+ 53. Kd5 h2 54.
Rg8+ Kb7 55. Rh8 h1=Q+ 56. Rxh1 Rxh1 57. b4 0-1